 Dungeon Crawl Stone Soup version 0.24-a0-630-g0d56a851f4 (webtiles) character file.

Game seed: 15772830805629024465, levelgen mode: deterministic

553 Morgius the Magician (level 7, -6/50 HPs)
             Began as a Demonspawn Skald on Sept 20, 2019.
             Was an Initiate of Vehumet.
             Mangled by a centaur
             ... wielding a +0 trident
              (8 damage)
             ... on level 5 of the Dungeon.
             The game lasted 00:10:32 (2820 turns).

Morgius the Magician (Demonspawn Skald)             Turns: 2820, Time: 00:10:32

Health: -6/50      AC: 10    Str: 11    XL:     7   Next: 8%
Magic:  7/12       EV: 12    Int: 17    God:    Vehumet [......]
Gold:   287        SH:  0    Dex: 12    Spells: 6/13 levels left

rFire    . . .     SeeInvis .   x - +3 long sword (slice)
rCold    . . .     Gourm    .   (no shield)
rNeg     . . .     Faith    .   b - +0 leather armour
rPois    .         Spirit   .   m - +2 hat
rElec    +         Reflect  .   (no cloak)
rCorr    .         Harm     .   v - +0 pair of gloves
MR       .....                  (no boots)
Stlth    +.........             (no amulet)
HPRegen  0.16/turn              B - ring of flight
MPRegen  0.13/turn              (no ring)

@: infused
A: hooves 1, thin metallic scales 3, demonic guardian 1
a: Renounce Religion, Evoke Flight


You were on level 5 of the Dungeon.
You worshipped Vehumet.
Vehumet was noncommittal.
You were not hungry.

You visited 1 branch of the dungeon, and saw 5 of its levels.

You collected 287 gold pieces.

Inventory:

Hand Weapons
 x - a +3 long sword of slicing (weapon)
Missiles
 f - 69 arrows
Armour
 b - a +0 leather armour (worn)
 m - a +2 hat (worn)
 v - a +0 pair of gloves (worn)
Magical Staves
 D - an uncursed staff of wizardry
Jewellery
 A - an uncursed amulet of harm
 B - a ring of flight (left hand)
 F - an uncursed ring of fire
Wands
 y - a wand of flame (5)
Scrolls
 a - a scroll of random uselessness {unknown}
 e - a scroll of blinking {unknown}
 h - 3 scrolls of amnesia {unknown}
 i - 5 scrolls of identify {unknown}
 j - 3 scrolls of remove curse {unknown}
 k - 3 scrolls of magic mapping {unknown}
 n - 3 scrolls of enchant armour {unknown}
 o - a scroll of fog {unknown}
 q - 2 scrolls of teleportation {unknown}
 s - a scroll of fear {unknown}
 E - a scroll of immolation {unknown}
Potions
 c - 3 potions of curing {unknown}
 g - a potion of resistance {unknown}
 l - a potion of lignification {unknown}
 p - 4 potions of haste
 r - 2 potions of flight {unknown}
 t - a potion of agility {unknown}
 u - 2 potions of degeneration {unknown}
 w - a potion of heal wounds {unknown}
 z - 2 potions of might {unknown}
Comestibles
 d - 8 rations
 C - 4 chunks of flesh


   Skills:
 - Level 2.2 Fighting
 - Level 3.3 Long Blades
 + Level 3.1 Armour
 - Level 3.2 Dodging
 + Level 3.6 Spellcasting
 * Level 1.4 Conjurations
 - Level 3.0 Charms
 - Level 2.0 Translocations


You had 6 spell levels left.
You knew the following spells:

 Your Spells              Type           Power        Failure   Level  Hunger
a - Infusion              Chrm           ##..         6%          1    None
b - Song of Slaying       Chrm           ##......     9%          2    ##.....
c - Shroud of Golubria    Chrm/Tloc      ##....       11%         2    ##.....
d - Throw Frost           Conj/Ice       #.....       24%         2    ##.....

Your spell library contained the following spells:

 Spells                   Type           Power        Failure   Level  Hunger
 Apportation              Tloc           #.....       9%          1    None
 Animate Skeleton         Necr           N/A          22%         1    None
 Confusing Touch          Hex            #.....       22%         1    None
 Freeze                   Ice            #...         22%         1    None
 Summon Small Mammal      Summ           #...         22%         1    None
 Ozocubu's Armour         Chrm/Ice       #.......     32%         3    ###....
 Regeneration             Chrm/Necr      #.........   32%         3    ###....
 Spectral Weapon          Hex/Chrm       #.......     32%         3    ###....
 Throw Icicle             Conj/Ice       #.......     83%         4    ####...
 Summon Ice Beast         Ice/Summ       #.......     91%         4    ####...


Dungeon Overview and Level Annotations

Branches:
Dungeon (5/15)             Temple (0/1) D:4

Altars:
Ashenzari
Nemelex Xobeh
Qazlal
Sif Muna
Trog
Vehumet

Shops:
D:4 (


Innate Abilities, Weirdness & Mutations

You have large cloven feet.
You are completely covered in thin metallic scales. (AC +4, rElec)
A weak demonic guardian rushes to your aid.


Message History

Beogh smites you!
The centaur hits you from afar with a +0 trident.
* * * LOW HITPOINT WARNING * * *
Items here: )) [[ † a +0 dagger; a +0 robe; a +0 hand axe; a +0 leather armour; an orc corpse You hit the orc priest!
Your kick misses the orc priest.
The orc priest is severely wounded.
The orc priest looks encouraged for a moment.
The orc hits you with a +2 morningstar of flaming.
* * * LOW HITPOINT WARNING * * *
The orc burns you.
* * * LOW HITPOINT WARNING * * *
The centaur misses you.
The orc priest hits you with a +0 hand axe.
* * * LOW HITPOINT WARNING * * *
You hit the orc priest!
You kill the orc priest!
Vehumet accepts your kill.
The centaur hits you from afar with a +0 trident!
You die...

....#
..........#
....#
..........#
#####
..........#
.# .........#
.# .........#
...
.........#
..##
.........##
#.#
.........5#
.#
...######@###
. ##. #o).# #
#oc.# ...###
#.### .o.


.oo ##.. ## You could see a centaur, an orc priest, an orc and a friendly shadow
imp.

Vanquished Creatures
  2 howler monkeys
  An orc wizard (D:4)
  An orc priest (D:5)
  A bullfrog skeleton (D:4)
  A hound (D:5)
  Jessica (D:3)
  Terence (D:3)
  6 adders
  2 oozes
  An adder skeleton (D:4)
  5 worms
  3 leopard geckos
  4 orcs
  A ball python (D:4)
  4 giant cockroaches
  6 goblins
  5 hobgoblins
  4 jackals (D:1)
  2 quokkas
  6 bats
  4 frilled lizards
  4 kobolds
  5 rats
70 creatures vanquished.

Vanquished Creatures (collateral kills)
  A water moccasin (D:4)
  A bullfrog (D:5)
  An orc wizard (D:5)
  A hound (D:4)
  An orc (D:4)
5 creatures vanquished.

Grand Total: 75 creatures vanquished

Notes
Turn   | Place    | Note
-------+----------+-------------------------------------------
     0 | D:1      | Morgius the Demonspawn Skald began the quest for the Orb.
     0 | D:1      | Reached XP level 1. HP: 16/16 MP: 3/3
    92 | D:1      | Gained mutation: You are partially covered in thin metallic
                  | scales. (AC +2) [demonic ancestry]
    92 | D:1      | Reached XP level 2. HP: 10/22 MP: 0/5
   107 | D:1      | Reached skill level 1 in Armour
   671 | D:2      | Found a bloodstained altar of Trog.
   672 | D:2      | Gained mutation: You are mostly covered in thin metallic
                  | scales. (AC +3) [demonic ancestry]
   672 | D:2      | Reached XP level 3. HP: 27/27 MP: 0/6
   876 | D:2      | Reached XP level 4. HP: 27/33 MP: 0/7
  1092 | D:2      | Learned a level 2 spell: Song of Slaying
  1095 | D:2      | Learned a level 2 spell: Shroud of Golubria
  1159 | D:2      | Found a faded altar of an unknown god.
  1294 | D:3      | Noticed Jessica
  1304 | D:3      | Killed Jessica
  1332 | D:3      | Noticed Terence
  1769 | D:3      | Found a sparkling altar of Nemelex Xobeh.
  1771 | D:3      | Found a shimmering blue altar of Sif Muna.
  1771 | D:3      | Found a radiant altar of Vehumet.
  1773 | D:3      | Found a stormy altar of Qazlal.
  1777 | D:3      | Found a shattered altar of Ashenzari.
  1778 | D:3      | Found a bloodstained altar of Trog.
  1804 | D:3      | Became a worshipper of Vehumet
  1868 | D:3      | Killed Terence
  1868 | D:3      | Gained mutation: A weak demonic guardian rushes to your
                  | aid. [demonic ancestry]
  1868 | D:3      | Reached XP level 5. HP: 30/38 MP: 3/9
  1889 | D:4      | Found a staircase to the Ecumenical Temple.
  1938 | D:4      | Reached skill level 1 in Translocations
  2326 | D:4      | Noticed a water moccasin
  2332 | D:4      | Killed a water moccasin
  2332 | D:4      | Gained mutation: You have large cloven feet. [demonic
                  | ancestry]
  2332 | D:4      | Reached XP level 6. HP: 24/44 MP: 10/10
  2490 | D:4      | Found Geqa's Antique Weapon Boutique.
  2692 | D:5      | Entered Level 5 of the Dungeon
  2730 | D:5      | Learned a level 2 spell: Throw Frost
  2817 | D:5      | Reached skill level 1 in Conjurations
  2817 | D:5      | Gained mutation: You are completely covered in thin
                  | metallic scales. (AC +4, rElec) [demonic ancestry]
  2817 | D:5      | Reached XP level 7. HP: 26/50 MP: 9/12
  2819 | D:5      | HP: 2/50 [orc priest/+0 hand axe (6)]
  2820 | D:5      | Mangled by a centaur

Levels and vault maps discovered:
D:1:      dpeg_arrival_tiny_i, layout_loops_cross
D:2:      layout_rooms, chequers_ecumenical_altar_simple_redux, bloody_trog
D:3:      layout_rooms, minitemple, minivault_14, uniq_jessica, uniq_terence
D:4:      layout_cave_pods, minmay_temple_entry_trees, serial_shops, shop,
          hangedman_minor_gate_pass
D:5:      layout_rooms, first_ration, uniq_edmund

Skill      XL: |  1  2  3  4  5  6 |
---------------+-------------------+-----
Charms         | 3 |  3.0
Armour         | 1 2 3 |  3.1
Long Blades    | 2 3 |  3.3
Dodging        | 2 3 |  3.2
Translocations | 1 2 |  2.0
Spellcasting   | 3 |  3.6
Conjurations   | 1 |  1.4
Fighting       | |  2.2

Action                   |  1- 3 |  4- 6 |  7- 9 || total
-------------------------+-------+-------+-------++-------
Melee: Falchion          |   106 |    61 |       ||   167
       Long sword        |       |    47 |     2 ||    49
       Kick              |       |     4 |       ||     4
 Cast: Infusion          |     8 |     7 |       ||    15
 Stab: Distracted        |       |     1 |       ||     1
  Eat: Chunk             |       |     7 |       ||     7
Armor: Leather armour    |    53 |    40 |     1 ||    94
Dodge: Dodged            |    76 |    69 |     1 ||   146
       Rpst.: Falchion   |    25 |    10 |       ||    35
       Long sword        |       |    13 |       ||    13

Table legend:
 A = Non-vault XP
 B = Vault XP
 C = Vault XP percentage of total XP
 D = Non-vault monster count
 E = Vault monster count
 F = Vault count percentage of total count
                 A         B        C        D         E       F
            +---------+---------+-------+---------+---------+-------
      Total |     694 |      97 |  12.3 |      68 |       7 |   9.3
            +---------+---------+-------+---------+---------+-------
        D:1 |      34 |       0 |   0.0 |      19 |       0 |   0.0
        D:2 |      79 |       0 |   0.0 |      24 |       0 |   0.0
        D:3 |      40 |      73 |  64.6 |       6 |       2 |  25.0
        D:4 |     294 |      24 |   7.5 |      12 |       5 |  29.4
        D:5 |     247 |       0 |   0.0 |       7 |       0 |   0.0
            +---------+---------+-------+---------+---------+-------
